AoeStats
← (Arm)_ominous

Arabia

507994100Analyzed
3v3 RM · 13d ago on Sep 20, 2026· 42m 26s· 6 players
Game mode
Random Map
Map size
Normal (6 player)
Population
200
Speed
Normal
Resources
Standard
Victory
Conquest
Starting age
Dark Age
Ending age
Imperial Age
RankedLock teamsTeams togetherTeam positionsShared explorationLock speedFull tech treeHidden civsTurbo modeCheats
Victory
Defeat
🇨🇱 Portuguese · Chile
1044
+15
🇨🇱 Vietnamese · Chile
1039
+16
🇨🇱 Celts · Chile
989
+17
🇮🇩 Britons · Indonesia
1064
-18
🇮🇹 Celts · Italy
1035
-22
🇮🇳 Franks · India
987
-30
Yisus
3:24 Loom
10:26 Feudal Age
10:56 Double-Bit Axe
18:19 Castle Age
16:37 Padded Archer Armor
17:34 Arson
17:41 Fletching
18:42 Pikeman
22:20 Horse Collar
23:04 Town Watch
27:29 Wheelbarrow
26:29 Elite Skirmisher
30:25 Gold Mining
30:29 Stone Mining
31:52 Hand Cart
32:19 Bloodlines
32:45 Bodkin Arrow
33:29 Husbandry
36:49 Imperial Age
35:04 Thumb Ring
34:20 Crossbowman
36:13 Chatras
37:28 Bow Saw
38:33 Leather Archer Armor
38:30 Forging
38:26 Scale Barding Armor
39:12 Bracer
39:37 Imperial Skirmisher
41:21 Ring Archer Armor
42:33 Chemistry
41:53 Ballistics
linkz900
1:19 Loom
12:40 Feudal Age
19:24 Castle Age
17:29 Double-Bit Axe
18:17 Horse Collar
19:24 Scale Mail Armor
19:20 Man-at-Arms
20:13 Forging
20:02 Pikeman
21:08 Bow Saw
22:05 Wheelbarrow
22:08 Town Watch
23:03 Gambesons
25:56 Chain Mail Armor
26:01 Gold Mining
26:43 Fletching
27:13 Heavy Plow
27:11 Stone Mining
27:38 Man-at-Arms
30:40 Iron Casting
29:49 Long Swordsman
31:22 Hand Cart
33:12 Bodkin Arrow
33:45 Ballistics
35:16 Stone Shaft Mining
36:44 Gold Shaft Mining
35:57 Arson
36:30 Murder Holes
36:16 Treadmill Crane
36:47 Masonry
37:02 Stronghold
42:40 Town Patrol
T3krom_xD
1:18 Loom
9:36 Feudal Age
10:47 Double-Bit Axe
17:58 Gold Mining
19:50 Fletching
22:55 Wheelbarrow
24:40 Castle Age
23:20 Wheelbarrow
24:56 Elite Skirmisher
24:59 Crossbowman
26:11 Thumb Ring
26:49 Padded Archer Armor
38:37 Imperial Age
37:02 Bodkin Arrow
37:23 Leather Archer Armor
38:41 Ballistics
39:22 Arbalester
40:52 Imperial Skirmisher
43:33 Chemistry
(Arm)_Starkill
3:35 Loom
13:43 Feudal Age
15:06 Wheelbarrow
14:21 Town Watch
14:37 Horse Collar
14:43 Double-Bit Axe
15:38 Man-at-Arms
20:51 Scale Mail Armor
22:04 Forging
21:48 Gold Mining
26:27 Castle Age
25:57 Arson
27:24 Chain Mail Armor
27:44 Iron Casting
27:15 Heavy Plow
27:49 Stone Mining
28:34 Gold Shaft Mining
28:43 Gold Shaft Mining
29:41 Gambesons
29:17 Long Swordsman
31:45 Bow Saw
34:45 Hand Cart
38:42 Pikeman
(Arm)_Sai Phani
10:44 Feudal Age
27:28 Castle Age
26:48 Scale Barding Armor
26:58 Loom
28:00 Light Cavalry
32:20 Husbandry
(Arm)_ominous
7:18 Loom
10:55 Feudal Age
11:58 Double-Bit Axe
16:07 Fletching
23:15 Castle Age
21:51 Wheelbarrow
22:00 Wheelbarrow
23:03 Gold Mining
23:34 Crossbowman
24:12 Bodkin Arrow
25:08 Padded Archer Armor
26:22 Bow Saw
27:43 Town Watch
29:21 Leather Archer Armor
33:16 Ballistics
38:01 Horse Collar
Connection lost

Rejoining the realm…

Still unreachable

The connection could not be restored.

Session expired

The server has moved on; the page needs a fresh start.